Match 28415879
Unlisted

Match 28415879
End
Kradschützen Motorcycle Team
250 Light Carrier
Selects Armored Support Battlegroup
Construct Light Support Kompanie
Assault Grenadier Squad
Assault Grenadier Squad
Fire Support Elements
2.5-tonne Medical Truck
le.IG 18 Mechanized Group
Pak 38 Anti-tank Gun Team
Combat Half-tracks
Selects Vehicle Awareness
Flakvierling Half-track
Construct Panzerarmee Kommand
2.5-tonne Medical Truck
Assault Grenadier Squad
Pak 38 Anti-tank Gun Team
Selects Panzer Storm
Rapid Advance
Armored Reserves
Panzer IV Assault Group
AI Takeover
MysteryRanch79
PaniCoC
Chikage
kingkendji99
高磊
<𝓣𝓪𝓸𝓖𝓾𝓷>紅茶
R19
恍神
0
0

Comments sign in to comment!

No comments posted yet!